 Dungeon Crawl Stone Soup version 0.30-a0-135-g630cfc4551 (webtiles) character file.

Game seed: 16272272076543552072

4123 LnG the Summoner (level 10, -14/54 HPs)
             Began as a Kobold Summoner on Sept 20, 2022.
             Was a Believer of Kikubaaqudgha.
             Demolished by an unseen horror simulacrum (18 damage)
             ... on level 8 of the Dungeon.
             The game lasted 00:55:03 (9286 turns).

LnG the Summoner (Kobold Summoner)                  Turns: 9286, Time: 00:55:06

Health: -14/54     AC: 13    Str:  5    XL:     10   Next: 51%
Magic:  12/23      EV: 13    Int: 28    God:    Kikubaaqudgha [**....]
Gold:   249        SH:  0    Dex: 15    Spells: 19/28 levels left

rFire   + . .      SeeInvis .    v - +4 quarterstaff (chaos)
rCold   . . .      Faith    .    (shield currently unavailable)
rNeg    . . .      Spirit   .    k - +3 acid dragon scales
rPois   .          Reflect  .    c - +0 helmet
rElec   .          Harm     .    w - +0 cloak
rCorr   +          Rampage  .    E - +0 pair of gloves
Will    .....                    (no boots)
Stlth   +++.......               n - amulet of the acrobat
HPRegen 0.18/turn                C - +6 ring of intelligence
MPRegen 0.18/turn                s - ring of protection from fire

@: studying Fighting, invisible
A: small, no large weapons, nightstalker 3
a: Renounce Religion, Unearth Wretches


You were on level 8 of the Dungeon.
You worshipped Kikubaaqudgha.
Kikubaaqudgha was pleased with you.
You visited 2 branches of the dungeon, and saw 9 of its levels.

You collected 1376 gold pieces.
You spent 1127 gold pieces at shops.

Inventory:

Hand Weapons
 v - a +4 quarterstaff of chaos (weapon)
Missiles
 p - 2 throwing nets
Armour
 a - a +0 robe
 c - a +0 helmet (worn)
 k - +3 acid dragon scales (worn)
 q - +0 steam dragon scales
 w - a +0 cloak (worn)
 z - the +5 robe of Misfortune {Harm *Corrode *Slow EV+5}
   (You found it on level 4 of the Dungeon)

   EV:        It affects your evasion (+5).
   *Corrode:  It may corrode you when you take damage.
   *Slow:     It may slow you when you take damage.
   Harm:      It increases damage dealt and taken.
 E - a +0 pair of gloves (worn)
 F - the +3 leather armour of Faup {+Inv}
   (You found it on level 6 of the Dungeon)

   +Inv:      It lets you turn invisible.
Magical Staves
 e - a staff of death
Jewellery
 j - a ring of fire
 n - an amulet of the acrobat (around neck)
 s - a ring of protection from fire (right hand)
 C - a +6 ring of intelligence (left hand)
Wands
 l - a wand of paralysis (15)
 m - a wand of flame (16)
 u - a wand of polymorph (10)
Scrolls
 d - 4 scrolls of teleportation
 r - 2 scrolls of amnesia
 B - 3 scrolls of butterflies
 D - a scroll of vulnerability
 G - a scroll of immolation
Potions
 b - 2 potions of magic
 f - 2 potions of lignification
 g - 2 potions of invisibility
 h - 2 potions of curing
 i - a potion of cancellation {unknown}
 o - 4 potions of attraction
 t - 3 potions of flight {unknown}
 x - a potion of might {unknown}
 A - 3 potions of brilliance {unknown}
 I - a potion of berserk rage {unknown}


   Skills:
 + Level 2.4 Fighting
 + Level 2.5 Staves
 + Level 2.8 Armour
 + Level 3.1 Dodging
 + Level 4.3 Stealth
 + Level 9.7 Spellcasting
 + Level 0.8 Hexes
 + Level 10.2 Summonings
 + Level 0.1 Necromancy


You had 19 spell levels left.
You knew the following spells:

 Your Spells              Type           Power      Damage    Failure   Level
a - Summon Small Mammal   Summ           100%       N/A       1%          1
b - Call Imp              Summ           63%        N/A       1%          2
c - Call Canine Familiar  Summ           63%        N/A       1%          3
d - Summon Guardian Gole  Hex/Summ       44%        N/A       2%          3

Your spell library contained the following spells:

 Spells                   Type           Power      Damage    Failure   Level
 Beastly Appendage        Tmut           26%        N/A       9%          1
 Necrotise                Necr           56%        1d6       9%          1
 Summon Ice Beast         Ice/Summ       42%        N/A       11%         4
 Summon Lightning Spire   Summ/Air       42%        N/A       11%         4
 Sublimation of Blood     Necr           14%        N/A       12%         2
 Wereblood                Tmut           13%        N/A       13%         2
 Tukima's Dance           Hex            18%        N/A       19%         3
 Portal Projectile        Hex/Tloc       30%        N/A       22%         3
 Vampiric Draining        Necr           14%        2d7       24%         3
 Ignite Poison            Fire/Tmut/Pois 13%        N/A       26%         3
 Mephitic Cloud           Conj/Pois/Air  13%        N/A       26%         3
 Spider Form              Tmut/Pois      13%        N/A       26%         3
 Summon Mana Viper        Hex/Summ       44%        N/A       26%         5
 Anguish                  Hex/Necr       8%         N/A       56%         4
 Passage of Golubria      Tloc           13%        N/A       65%         4
 Monstrous Menagerie      Summ           31%        N/A       73%         7
 Yara's Violent Unravell  Hex/Tmut       7%         3d5       90%         5
 Borgnjor's Vile Clutch   Necr/Erth      7%         N/A       93%         5
 Alistair's Intoxication  Tmut/Pois      8%         N/A       94%         5
 Blade Hands              Tmut           6%         N/A       94%         5
 Freezing Cloud           Conj/Ice/Air   6%         6-21      94%         5
 Eringya's Noxious Bog    Tmut/Pois      6%         N/A       100%        6


Dungeon Overview and Level Annotations

Branches:
Dungeon (8/15)             Temple (1/1) D:4
   Lair: D:8-11

Altars:
Dithmenos
Fedhas
Gozag
Hepliaklqana
Kikubaaqudgha
Makhleb
Nemelex Xobeh
Okawaru
Qazlal
Ru
Sif Muna
Trog
Uskayaw
Vehumet
Wu Jian
Xom
Yredelemnul
Zin
The Shining One

Shops:
D:3 :   D:6 =?*=


Innate Abilities, Weirdness & Mutations

You are small and have problems with some larger weapons.
You are completely attuned to the shadows.


Message History

The unseen horror simulacrum closely misses your bat.
A kobold comes into view. It is wielding a +0 short sword.
The ice beast closely misses your bat.
You swap places.
The unseen horror simulacrum hits your rat.
The unseen horror simulacrum freezes your rat!
Your rat dies!
Your rat's corpse disappears in a puff of smoke!
Your bat hits the unseen horror simulacrum.
Your bat hits the wight but does no damage.
The unseen horror simulacrum closely misses you.
The ice beast closely misses your bat.
Casting: Summon Small Mammal (safe; 1% risk of failure)
Confirm with . or Enter, or press ? or * to list all spells.
Your bat misses the wight.
The unseen horror simulacrum hits you but does no damage. x2
Your bat hits the unseen horror simulacrum but does no damage.
The unseen horror simulacrum hits you.
The unseen horror simulacrum freezes you!!
* * * LOW HITPOINT WARNING * * *
You swap places.
Your bat barely misses the unseen horror simulacrum.
The unseen horror simulacrum hits your warg!
The unseen horror simulacrum freezes your warg!!
Your bat closely misses the ice beast.
The unseen horror simulacrum hits your warg but does no damage.
Your warg barely misses the unseen horror simulacrum.
The unseen horror simulacrum hits your warg.
The unseen horror simulacrum freezes your warg!!
Your warg dies!
Your warg's corpse disappears in a puff of smoke!
Okay, then.
Okay, then.
You fade into invisibility!
The unseen horror simulacrum splashes around in the water.
Your bat barely misses the wight.
The unseen horror simulacrum hits you.
* * * LOW HITPOINT WARNING * * *
The unseen horror simulacrum freezes you!!
You die...
Kikubaaqudgha rasps: "You have failed me!
Welcome... death!"

####### #......#
####.####.#
#~~~..≈~#.###
#~.....~#...#
####......~#...#
####........†...#)#
#....##......~###.####
#.....#≈~..@≈~# #.....
#.....#≈~..Z~≈# #.....
#..Yn.####.#### #.....
#.....#.##z# #<....
.........bY# #.....
.......>K..# #.....
#...h.>....# #.....
#..5h......# ######
...........#


You could see an ice beast (unable to see you), a wight (unable to see you, ally
target), an unseen horror simulacrum (agile, unable to see you) and a friendly
bat (summoned).

Vanquished Creatures
  Prince Ribbit (D:8)
  A water moccasin (D:5)
  A bullfrog (D:4)
  2 killer bees (D:8)
  A howler monkey (D:8)
  A hound (D:5)
  An iguana (D:5)
  An endoplasm (D:2)
  A giant cockroach (D:1)
  2 quokkas
  2 frilled lizards (D:1)
  A goblin (D:1)
15 creatures vanquished.

Vanquished Creatures (collateral kills)
  A wyvern (D:7)
  2 yaks (D:8)
  A steam dragon (D:8)
  3 vampire mosquitoes (D:7)
  2 water moccasins
  3 ice beasts
  2 centaurs (D:5)
  3 ogres
  A wolf (D:8)
  A kobold brigand (D:7)
  2 bullfrogs (D:7)
  2 necrophages (D:8)
  A scorpion (D:5)
  5 wights
  2 killer bees (D:8)
  2 howler monkeys (D:8)
  A jelly (D:4)
  A hound (D:5)
  2 orc priests
  A gnoll bouda (D:6)
  Crazy Yiuf (D:3)
  4 iguanas
  10 gnolls
  8 adders
  A shadow imp (D:5)
  4 white imps
  2 ufetubi
  A worm (D:5)
  2 dart slugs
  8 orcs
  3 endoplasms
  A giant cockroach (D:1)
  3 hobgoblins
  3 jackals (D:1)
  4 kobolds
  3 quokkas
  7 ball pythons
  A bat (D:1)
  6 goblins
  A rat (D:1)
  A spectral orc (D:6)
112 creatures vanquished.

Vanquished Creatures (others)
  2 yaks (D:8)
  A dart slug (D:8)
  2 orcs (D:8)
  A frilled lizard (D:8)
  6 fungi
  A plant (D:1)
  6 toadstools (D:5)
19 creatures vanquished.

Grand Total: 146 creatures vanquished

Notes
Turn   | Place    | Note
-------+----------+-------------------------------------------
     0 | D:1      | LnG the Kobold Summoner began the quest for the Orb.
     0 | D:1      | Reached XP level 1. HP: 10/10 MP: 3/3
   312 | D:1      | Reached XP level 2. HP: 15/15 MP: 3/5
   315 | D:1      | Learned a level 2 spell: Call Imp
   707 | D:1      | Reached XP level 3. HP: 19/19 MP: 1/6
   714 | D:1      | Learned a level 3 spell: Call Canine Familiar
   877 | D:1      | Found a faded altar of an unknown god.
  1659 | D:2      | Reached XP level 4. HP: 24/24 MP: 2/8
  2472 | D:3      | Found Echim's Book Boutique.
  2648 | D:3      | Noticed an ogre
  2674 | D:3      | Killed an ogre
  2675 | D:3      | Reached skill level 5 in Summonings
  2675 | D:3      | Reached XP level 5. HP: 28/28 MP: 4/10
  3771 | D:3      | Found a runed translucent door.
  3776 | D:3      | Noticed Crazy Yiuf
  3788 | D:3      | Killed Crazy Yiuf
  3872 | D:4      | Reached XP level 6. HP: 32/32 MP: 5/12
  4014 | D:4      | Reached skill level 1 in Armour
  4201 | D:4      | Found the +5 robe of Misfortune {Harm *Corrode *Slow EV+5}
  4427 | D:4      | Found a staircase to the Ecumenical Temple.
  4433 | Temple   | Entered the Ecumenical Temple
  4435 | Temple   | Noticed a sun demon
  4439 | Temple   | Noticed Veofrokk the pandemonium lord
  4439 | Temple   | Noticed a rust devil
  4458 | Temple   | Noticed Isiete the pandemonium lord
  4487 | Temple   | Noticed a sun demon
  4489 | Temple   | Noticed Vets the pandemonium lord
  4491 | Temple   | Noticed Pingoics the pandemonium lord
  4509 | Temple   | Noticed a Tzitzimitl
  4512 | Temple   | Noticed a sun demon
  4513 | Temple   | Noticed a red devil
  4513 | Temple   | Noticed Exoz the pandemonium lord
  4554 | Temple   | Noticed a hell beast
  4554 | Temple   | Noticed Xaicuatu the pandemonium lord
  4562 | Temple   | Noticed a Brimstone Fiend
  4571 | Temple   | Noticed a smoke demon
  4925 | D:4      | Found an ancient bone altar of Kikubaaqudgha.
  4930 | D:4      | Became a worshipper of Kikubaaqudgha
  5110 | D:5      | Entered Level 5 of the Dungeon
  5191 | D:5      | Reached skill level 6 in Summonings
  5191 | D:5      | Reached XP level 7. HP: 24/37 MP: 9/14
  5194 | D:5      | Reached skill level 5 in Spellcasting
  5436 | D:5      | Reached skill level 1 in Staves
  5458 | D:5      | Noticed a water moccasin
  5475 | D:5      | HP: 1/37 [poisoned by a water moccasin]
  5479 | D:5      | Killed a water moccasin
  5817 | D:5      | Reached XP level 8. HP: 42/42 MP: 10/15
  5821 | D:5      | Learned a level 3 spell: Summon Guardian Golem
  5852 | D:5      | Reached skill level 1 in Fighting
  6037 | D:5      | Reached skill level 7 in Summonings
  6092 | D:5      | Found a shadowy altar of Dithmenos.
  6093 | D:5      | Found an iron altar of Okawaru.
  6093 | D:5      | Found a hazy altar of Hepliaklqana.
  6093 | D:5      | Found a sparkling altar of Nemelex Xobeh.
  6325 | D:6      | Found Yblot's Jewellery Emporium.
  6353 | D:6      | Found Kiuc's General Store.
  6371 | D:6      | Bought a potion of heal wounds for 75 gold pieces
  6381 | D:6      | Identified the +3 leather armour of Faup {+Inv}
  6415 | D:6      | Found Nonolli's Magic Scroll Shoppe.
  6421 | D:6      | Bought a scroll of identify for 22 gold pieces
  6422 | D:6      | Identified a scroll of acquirement
  6423 | D:6      | Acquired 825 gold pieces
  6552 | D:3      | Bought a book of Beasts for 418 gold pieces
  6791 | D:6      | Found Esuzulep's Jewellery Emporium.
  6813 | D:6      | Bought an amulet of the acrobat for 420 gold pieces
  6883 | D:6      | Found a basalt altar of Yredelemnul.
  6886 | D:6      | Reached * piety under Kikubaaqudgha
  6886 | D:6      | Received a gift from Kikubaaqudgha
  7092 | D:6      | Reached XP level 9. HP: 36/47 MP: 8/19
  7171 | D:6      | Found a glowing silver altar of Zin.
  7391 | D:6      | Reached skill level 8 in Summonings
  7474 | D:6      | Bought a scroll of identify for 22 gold pieces
  7474 | D:6      | Bought a scroll of identify for 22 gold pieces
  7474 | D:6      | Bought a scroll of blinking for 82 gold pieces
  7474 | D:6      | Bought a scroll of teleportation for 33 gold pieces
  7474 | D:6      | Bought a scroll of teleportation for 33 gold pieces
  8042 | D:7      | Reached skill level 9 in Summonings
  8775 | D:8      | Reached ** piety under Kikubaaqudgha
  9003 | D:8      | Reached XP level 10. HP: 52/52 MP: 17/22
  9048 | D:8      | Noticed Prince Ribbit
  9089 | D:8      | Killed Prince Ribbit
  9090 | D:8      | Reached skill level 10 in Summonings
  9286 | D:8      | Demolished by an unseen horror simulacrum

Illustrated notes

Levels and vault maps discovered:
D:1:      wander_arrival_chamber, layout_basic,
          dreamdust_ecumenical_altar_hidden_monk_grotto
D:2:      layout_basic
D:3:      layout_loops_corners, serial_shops,
          nicolae_shop_temple_entry_statues_fountains, uniq_crazy_yiuf_cottage
D:4:      layout_loops_ring, mainiacjoe_overflow_alcove_1,
          minmay_temple_entry_sparse_star
D:5:      layout_rooms, minitemple, hangedman_abyss_or_decor_passed,
          minmay_gold_behind_fungi, nicolae_kite_square_tiling_tiny,
          minmay_manual_mares
D:6:      layout_cave_pools, mainiacjoe_overflow_paths,
          yredelemnul_forgotten_temple_becter, serial_shops,
          nicolae_shop_crystal, nicolae_shop_crystal, nicolae_square_shop, shop,
          nicolae_fountain_basement
D:7:      layout_gridville
D:8:      layout_rooms, general_overflow_altar, serial_ice, serial_ice_f,
          serial_ice_g, serial_ice_k, serial_ice_n, serial_ice_c, serial_ice_d,
          serial_ice_b, serial_ice_m, serial_ice_e, serial_ice_h,
          uniq_prince_ribbit1
Temple:   nicolae_temple_panitentiary

Skill      XL: |  1  2  3  4  5  6  7  8  9 10 |
---------------+-------------------------------+-----
Stealth        | 3 4 |  4.3
Spellcasting   | 3 4 5 6 8 9 |  9.7
Summonings     | 5 6 7 9 10 | 10.2
Armour         | 1 2 |  2.8
Staves         | 1 2 |  2.5
Fighting       | 1 2 |  2.4
Dodging        | 3 |  3.1
Hexes          | |  0.8
Necromancy     | |  0.1

Action                   |  1- 3 |  4- 6 |  7- 9 | 10-12 || total
-------------------------+-------+-------+-------+-------++-------
Melee: Staff             |    23 |    11 |       |       ||    34
       Quarterstaff      |       |     9 |    31 |    22 ||    62
 Cast: Summon Small Mamm |    38 |    45 |    76 |    14 ||   173
       Call Imp          |    14 |    17 |    20 |     4 ||    55
       Call Canine Famil |       |     5 |    24 |     6 ||    35
       Summon Guardian G |       |       |     3 |     3 ||     6
Invok: Unearth Wretches  |       |       |       |     1 ||     1
  Use: Scroll            |       |     1 |    14 |     1 ||    16
       Potion            |       |       |     5 |     3 ||     8
 Stab: Distracted        |       |     1 |       |       ||     1
Armor: Robe              |     5 |       |       |       ||     5
       Acid dragon scale |       |     9 |    26 |    29 ||    64
Dodge: Dodged            |    33 |    28 |    72 |    32 ||   165

Table legend: (Time is in decaauts)
 A = Elapsed time spent in this place.
 B = Non-inter-level travel time spent in this place.
 C = Inter-level travel time spent in this place.
 D = Time resting spent in this place.
 E = Time spent auto-exploring this place.
 F = Levels seen in this place.
 G = Mean time per level.
                   A        B        C        D        E       F      G
               +--------+--------+--------+--------+--------+-----+--------+
         Total |   9305 |   8530 |    775 |   1277 |   2087 |   9 | 1033.9 |
       Dungeon |   9024 |   8267 |    757 |   1277 |   1920 |   8 | 1128.0 |
        Temple |    280 |    262 |     18 |      0 |    167 |   1 |  280.0 |
               +--------+--------+--------+--------+--------+-----+--------+

Top non-repeatable levels by time:
     D:2: 1478 daAuts
     D:3: 1471 daAuts
     D:5: 1223 daAuts
     D:7: 1181 daAuts
     D:4: 1086 daAuts
     D:6: 1027 daAuts
     D:1: 991 daAuts
     D:8: 563 daAuts
  Temple: 280 daAuts
